 Dungeon Sprint DCSS version 0.18.1-48-g4cf74bf (webtiles) character file.

900000 JeeperCreeper the Pyromancer (level 12, -16/81 HPs)
             Began as a Yellow Draconian Fire Elementalist on July 1, 2016.
             Demolished by a bag of meat
             ... wielding a +9 war axe
              (32 damage)
             ... in the Dungeon (Sprint VIII: "Arena of Blood").
             The game lasted 00:02:29 (9 turns).

JeeperCreeper the Pyromancer (DrFE)                    Turns: 9, Time: 00:02:34

Health: -16/81     AC:  8    Str: 13    XL:     12   Next: 96%
Magic:  4/30       EV: 19    Int: 17    God:
Gold:   0          SH:  0    Dex: 13    Spells: 1 memorised, 38 levels left

rFire  . . .     SeeInvis .     i - +∞ Axe of Woe
rCold  . . .     Gourm    .     (armour unavailable)
rNeg   . . .     Faith    .     (shield currently unavailable)
rPois  .         Spirit   .     (helmet restricted)
rElec  .         Dismiss  .     (no cloak)
rCorr  +         Reflect  .     (no gloves)
SustAt .         Harm     .     (no boots)
MR     .....     NoTele   +     (no amulet)
Stlth  ++++......               (no ring)
                                (no ring)

@: not resistant to hostile enchantments, stealthy
A: spit acid, acid resistance, unfitting armour, cold-blooded, AC +8
a: Spit Acid


You were in the Dungeon.
You were not hungry.

You visited 1 branch

Inventory:

Hand Weapons
 i - the +∞ Axe of Woe (weapon)
   (You found it in the Dungeon)
Scrolls
 h - a scroll of blinking
Potions
 d - a potion of heal wounds
 e - a potion of haste
 f - 2 potions of magic
 g - a potion of berserk rage
Books
 a - a book of Flames

   Spells                             Type                      Level
   a - Flame Tongue                   Conjuration/Fire             1
   b - Throw Flame                    Conjuration/Fire             2
   c - Conjure Flame                  Conjuration/Fire             3
   d - Inner Flame                    Hexes/Fire                   3
   e - Sticky Flame                   Conjuration/Fire             4
   f - Fireball                       Conjuration/Fire             5
Comestibles
 b - a bread ration


   Skills:
 + Level 2.2 Axes
 + Level 11.8 Dodging
 + Level 11.0 Stealth
 + Level 14.1 Spellcasting
 + Level 5.0 Conjurations
 + Level 23.1 Fire Magic


You had 38 spell levels left.
You knew the following spells:

 Your Spells              Type           Power        Failure   Level  Hunger
a - Flame Tongue          Conj/Fire      #####        0%          1    None


Dungeon Overview and Level Annotations

Branches:
Dungeon (1/1)

Altars:
Makhleb


Innate Abilities, Weirdness & Mutations

You can spit globs of acid.
You are resistant to acid.
Your golden yellow scales are hard (AC +8).
Your body does not fit into most forms of armour.
You are cold-blooded and may be slowed by cold attacks.


Message History

Your Stealth skill gained 2 levels and is now at level 11!
Your Spellcasting skill gained 2 levels and is now at level 14!
Your Conjurations skill increases to level 5!
Your Fire Magic skill gained 3 levels and is now at level 23!
You have reached level 12!
Your experience leads to an increase in your attributes!
Increase (S)trength, (I)ntelligence, or (D)exterity?
You feel agile.
You feel stronger.
Your scales feel tougher.
You hear a shout! x13
The bag of meat hits you with a +9 war axe!
You hear a shout!
The meat berserker rages.
You hear a shout! x2
You feel better.
You hear a shout! x8
The bag of meat hits you with a +9 war axe!!!
* * * LOW HITPOINT WARNING * * *
You hear a shout!
The bag of meat hits you with a +9 war axe!!
You die...

.... .. .... ..
... #. o.# #..
..# .###..
..###..
......###o......
......._@.......
...#..oO.#.....
#_.oo_# ...
#.....# .
....._.....
.o....###......
.###.. ..###.
#.. ..# #.. ..#


You could see a meat berserker (berserk) and 5 bags of meat.

Vanquished Creatures
  2 orcs (D)
2 creatures vanquished.

Notes
Turn   | Place    | Note
--------------------------------------------------------------
     0 | D        | JeeperCreeper the Draconian Fire Elementalist began the quest for the Orb.
     0 | D        | Reached XP level 1. HP: 14/14 MP: 3/3
     2 | D        | Noticed a bag of meat
     2 | D        | Noticed a bag of meat
     3 | D        | Noticed a bag of meat
     3 | D        | Noticed a bag of meat
     4 | D        | Noticed a bag of meat
     5 | D        | Noticed a bag of meat
     6 | D        | Killed a bag of meat
     6 | D        | Reached skill level 10 in Dodging
     6 | D        | Reached skill level 20 in Fire Magic
     6 | D        | Reached XP level 2. HP: 20/20 MP: 3/15
     6 | D        | Reached XP level 3. HP: 26/26 MP: 3/16
     6 | D        | Reached XP level 4. HP: 33/33 MP: 3/18
     6 | D        | Reached XP level 5. HP: 38/38 MP: 3/19
     6 | D        | Reached XP level 6. HP: 45/45 MP: 3/21
     6 | D        | Your scales start taking on a golden yellow colour.
     6 | D        | Reached XP level 7. HP: 50/50 MP: 3/22
     6 | D        | Reached XP level 8. HP: 57/57 MP: 3/24
     6 | D        | Reached XP level 9. HP: 62/62 MP: 3/25
     6 | D        | Reached XP level 10. HP: 69/69 MP: 3/26
     6 | D        | Reached XP level 11. HP: 74/74 MP: 3/27
     7 | D        | Noticed a meat berserker
     7 | D        | Noticed a bag of meat
     8 | D        | Killed a bag of meat
     8 | D        | Reached skill level 5 in Conjurations
     8 | D        | Reached skill level 23 in Fire Magic
     8 | D        | Reached XP level 12. HP: 58/81 MP: 3/30
     9 | D        | Demolished by a bag of meat

Skill      XL: |  1  2  3  4  5  6  7  8  9 10 11 |
---------------+----------------------------------+-----
Dodging        | 10 11 | 11.8
Stealth        | 9 11 | 11.0
Spellcasting   | 12 14 | 14.1
Conjurations   | 4 5 |  5.0
Fire Magic     | 20 23 | 23.1
Axes           | 2 |  2.2

Action                   |  1- 3 |  4- 6 |  7- 9 | 10-12 || total
-------------------------+-------+-------+-------+-------++-------
Melee: Executioner's axe |     1 |       |       |     1 ||     2
  Use: Potion            |       |       |       |     1 ||     1
